 Dungeon Crawl Stone Soup version 0.26-a0-1213-gd52f5182fe (webtiles) character file.

Game seed: 18050409170049078593

175159 Essalna the Earth Mage (level 18, -4/120 HPs)
             Began as a Gargoyle Earth Elementalist on Dec 30, 2020.
             Was a High Priest of Vehumet.
             Killed from afar by a merfolk aquamancer (34 damage)
             ... with a shard of ice
             ... on level 4 of the Shoals.
             The game lasted 02:29:54 (39098 turns).

Essalna the Earth Mage (GrEE)                      Turns: 39098, Time: 02:29:54

Health: -4/120     AC: 33    Str: 19    XL:     18   Next: 9%
Magic:  4/45       EV: 16    Int: 29    God:    Vehumet [*****.]
Gold:   2559       SH:  4    Dex: 10    Spells: 10/46 levels left

rFire    . . .     SeeInvis .   M - staff of earth
rCold    . . .     Faith    .   u - +0 buckler (curse)
rNeg     + . .     Spirit   .   z - +1 leather armour "Apnuytul" {Int+3} (curse)
rPois    ∞         Reflect  .   l - +1 helmet
rElec    +         Harm     .   C - +0 cloak of the Gloaming {Int+3 Slay+2}
rCorr    .         Rampage  +   X - +2 pair of gloves of the Mackerel {rElec rPois Slay+2}
Will     +....                  d - +2 pair of boots {rampage}
Stlth    ++........             v - amulet of magic regeneration
HPRegen  0.30/turn              s - ring of magical power
MPRegen  0.54/turn              W - ring "Jizxiut" {AC+4 Str+6}

@: flying
A: big wings, negative energy resistance 1, electricity resistance, unbreathing,
petrification resistance, miasma immunity, AC +13
a: Stop Flying, Renounce Religion


You were on level 4 of the Shoals.
You worshipped Vehumet.
Vehumet was extremely pleased with you.
You visited 5 branches of the dungeon, and saw 28 of its levels.
You visited the Abyss 1 time.
You also visited: Sewer, Gauntlet and Volcano.

You collected 3849 gold pieces.
You spent 1290 gold pieces at shops.

Inventory:

Missiles
 b - 674 stones
Armour
 d - a +2 pair of boots of rampaging (worn)
 e - the +8 chain mail of the Tarantula {rElec Regen+ Dex+3, unknown}
   (You found it on level 11 of the Dungeon)

   It affects your dexterity (+3).
   It insulates you from electricity.
   It increases your rate of regeneration.
 l - a +1 helmet (worn)
 q - the +7 chain mail of Amorality {-Cast rPois Int+2, unknown}
   (You found it on level 4 of the Dungeon)

   It affects your intelligence (+2).
   It protects you from poison.
   It prevents spellcasting.
 r - a +2 troll leather armour {Snorg}
 u - a cursed +0 buckler (worn)
 x - a +2 robe of fire resistance
 z - the cursed +1 leather armour "Apnuytul" (worn) {Int+3}
   (You bought it in a shop on level 2 of the Orcish Mines)

   It affects your intelligence (+3).
   It has a curse placed upon it.
 C - the +0 cloak of the Gloaming (worn) {Int+3 Slay+2}
   (You acquired it on level 6 of the Lair of Beasts)

   It affects your intelligence (+3).
   It affects your accuracy and damage with ranged weapons and melee attacks
   (+2).
 P - a +2 leather armour of fire resistance
 X - the +2 pair of gloves of the Mackerel (worn) {rElec rPois Slay+2}
   (You found it in a Gauntlet)

   It affects your accuracy and damage with ranged weapons and melee attacks
   (+2).
   It insulates you from electricity.
   It protects you from poison.
Magical Staves
 M - an uncursed staff of earth (weapon)
 N - an uncursed staff of conjuration
Jewellery
 a - an uncursed ring of resist corrosion
 f - an uncursed ring of willpower
 s - a ring of magical power (left hand)
 v - an amulet of magic regeneration (around neck)
 H - a +4 ring of evasion
 K - an uncursed amulet of guardian spirit {unknown}
 Q - an uncursed ring of protection from cold
 W - the ring "Jizxiut" (right hand) {AC+4 Str+6}
   (You found it in a Gauntlet)

   [ring of protection]

   It affects your AC (+4).
   It affects your strength (+6).
Wands
 w - a wand of paralysis (15)
 y - a wand of acid (24)
 B - a wand of iceblast (15)
 R - a wand of digging (13)
Scrolls
 c - a scroll of holy word
 h - 3 scrolls of enchant armour
 k - 4 scrolls of blinking
 m - 5 scrolls of identify
 p - 10 scrolls of teleportation
 t - a scroll of vulnerability {unknown}
 D - 5 scrolls of remove curse
 E - 5 scrolls of fear
 F - 4 scrolls of magic mapping
 I - 5 scrolls of enchant weapon
 J - 2 scrolls of silence
 L - a scroll of summoning
 O - a scroll of brand weapon {unknown}
 T - 3 scrolls of fog
Potions
 g - 6 potions of haste
 i - a potion of degeneration {unknown}
 j - 13 potions of curing
 n - 7 potions of might
 o - a potion of magic
 A - 2 potions of heal wounds
 G - a potion of experience
 S - a potion of ambrosia {unknown}
 U - 3 potions of resistance
 V - a potion of invisibility
 Y - 3 potions of mutation {unknown}
 Z - 2 potions of brilliance


   Skills:
 + Level 16.1 Fighting
 - Level 9.5 Armour
 - Level 10.1 Dodging
 - Level 2.1 Stealth
 - Level 4.0 Shields
 + Level 14.6 Spellcasting
 - Level 5.0 Conjurations
 - Level 0.7 Transmutations
 + Level 3.4 Fire Magic
 + Level 6.1 Ice Magic
 + Level 18.4 Earth Magic


You had 10 spell levels left.
You knew the following spells:

 Your Spells              Type           Power        Failure   Level
a - Sandblast             Erth           100%         0%          1
b - Stone Arrow           Conj/Erth      100%         1%          3
c - Lee's Rapid Deconstr  Erth           56%          1%          5
d - Iron Shot             Conj/Erth      47%          1%          6
e - Orb of Destruction    Conj           25%          54%         7
f - Ozocubu's Refrigerat  Ice            27%          9%          6
g - Ignition              Fire           20%          100%        8

Your spell library contained the following spells:

 Spells                   Type           Power        Failure   Level
 Lehudib's Crystal Spear  Conj/Erth      47%          34%         8
 Absolute Zero            Ice            27%          100%        9
 Passwall                 Tmut/Erth      71%          1%          2
 Leda's Liquefaction      Hex/Erth       42%          1%          4
 Petrify                  Tmut/Erth      86%          1%          4
 Bolt of Magma            Conj/Fire/Erth 41%          1%          5
 Animate Skeleton         Necr           42%          2%          1
 Pain                     Necr           84%          2%          1
 Blink                    Tloc           N/A          4%          2
 Gell's Gravitas          Tloc           10%          9%          3
 Lesser Beckoning         Tloc           10%          9%          3
 Teleport Other           Tloc           21%          9%          3
 Vampiric Draining        Necr           10%          9%          3
 Animate Dead             Necr           10%          26%         4
 Passage of Golubria      Tloc           N/A          26%         4
 Shatter                  Erth           56%          32%         9
 Agony                    Necr           21%          58%         5
 Statue Form              Tmut/Erth      Unusable     N/A         6

Dungeon Overview and Level Annotations

Branches:
Dungeon (15/15)            Temple (1/1) D:4            Lair (6/6) D:10
 Shoals (4/4) Lair:3       Spider (0/4) Lair:2        Slime (0/5) Lair:5
    Orc (2/2) D:11            Elf (0/3) Orc:2        Vaults (0/5) D:14
 Depths (0/5) D:15          Sewer (visited)         Volcano (visited)
Gauntlet (visited)

Altars:
Fedhas
Makhleb
Nemelex Xobeh
Trog
Uskayaw
Vehumet
Yredelemnul
Zin
Beogh

Shops:
D:4 [   D:5 ?   D:6 (   D:11 *   Orc:2 ?[??   Shoals:2 :=*   Shoals:3 (

Annotations:
Shoals:4 3 runed translucent doors


Innate Abilities, Weirdness & Mutations

You are resistant to torment.
Your stone body is resilient. (AC +13)
You are immune to poison.
Your large and strong wings let you fly indefinitely.
You resist negative energy. (rN+)
You are resistant to electric shocks. (rElec)
You can survive without breathing.
You are immune to petrification.
You are immune to miasma.


Message History

The iron shot hits the sea snake!!!
The sea snake is almost dead.
The wind drake bites you but does no damage.
A manticore comes into view.
Casting: Iron Shot (mildly dangerous; 1% risk of failure)
Confirm with . or Enter, or press ? or * to list all spells.
Aiming: Iron Shot (mildly dangerous; 1% risk of failure)
Press: ? - help, Shift-Dir - straight line, f/p - wind drake
Aim: a wind drake (almost dead, repelling missiles, catching its breath, 62% to evade)
You feel a surge of power!
The iron shot hits the wind drake!!!
You kill the wind drake!
Vehumet accepts your kill.
You feel your power returning.
You rampage towards the sea snake!
You closely miss the sea snake.
The sea snake is almost dead.
The sea snake bites you.
* * * LOW HITPOINT WARNING * * *
The merfolk aquamancer gestures at you while chanting.
The shard of ice hits you!!
You die...

≈≈≈..♣#.≈≈≈.≈≈..........
≈≈≈..⌠#(≈≈H..≈..)......
.≈≈..♣#.≈≈≈≈≈≈≈......#####
+++####≈≈≈≈≈≈≈....m.##...#
..≈)≈≈≈≈≈≈≈≈≈.......#.....
....≈≈≈≈≈≈≈≈....(..[[).=..
.....≈≈≈≈≈..........#.....
...)..≈≈≈≈....)[....## ..#
.†<.)..≈≈.....(.@....### #
.............)).S.......
........##'##...<........
.......##≈ ##≈≈(.≈.....≈
##....≈# #≈≈..≈≈≈..≈≈
..≈≈≈≈≈# #(≈c≈≈......
.?.≈≈≈≈# #c≈≈≈≈.....
..≈≈≈≈≈# #≈≈≈.......
.≈≈≈≈≈≈≈# ≈≈≈≈.......


You could see a sea snake, a merfolk aquamancer, 2 fauns and a manticore.

Vanquished Creatures
  A kraken (Shoals:2)
  An orc warlord (Orc:2)
  A fire giant (D:12)
  A reaper (Gauntlet)
  A very ugly thing (Abyss:1)
  A minotaur (Gauntlet)
  Snorg (D:11)
  2 ettins
  6 merfolk impalers
  A fire dragon (D:15)
  Josephine (D:12)
  An ogre mage (D:15)
  The ghost of Zufakin the Protected, a journeyman DDFi (Lair:3)
  10 hydras
  A boulder beetle (D:12)
  An ice dragon (D:15)
  4 centaur warriors
  The ghost of Dytud the Frost Mage, a journeyman DrIE of Sif Muna (D:12)
  A merfolk avatar (Shoals:3)
  12 two-headed ogres
  An alligator snapping turtle (Shoals:4)
  2 satyrs (Shoals:3)
  2 merfolk aquamancers (Shoals:4)
  5 orc high priests
  Nergalle (D:10)
  A hell knight (Volcano)
  Sonja (D:10)
  A storm dragon zombie (Abyss:1)
  A salamander mystic (Volcano)
  6 skeletal warriors
  18 sea snakes
  4 unseen horrors
  A sixfirhy (Abyss:1)
  A wizard (D:14)
  22 harpies
  An orb spider (shapeshifter) (D:14)
  Pikel (D:5)
  6 orc knights
  4 orc sorcerers (Orc:2)
  3 cyclopes
  An oklob plant (Lair:2)
  14 fauns
  5 salamanders (Volcano)
  9 manticores
  7 ugly things
  Maurice (D:9)
  15 elephants
  2 moths of wrath (Lair:3)
  A stone giant skeleton (Abyss:1)
  6 merfolk sirens
  6 water nymphs
  2 torpor snails
  4 black mambas
  Psyche (D:10)
  15 cane toads
  11 centaur skeletons
  5 gargoyles
  3 rime drakes
  4 yaktaurs (D:14)
  2 kobold demonologists (D:15)
  14 komodo dragons
  An ancient zyme (Abyss:1)
  3 meliai (D:15)
  22 merfolk
  3 jumping spiders (Lair:2)
  5 polar bears (Lair:6)
  7 trolls
  4 tengu conjurers (D:14)
  3 wind drakes
  2 large abominations (Gauntlet)
  2 raiju (Abyss:1)
  10 hornets
  20 blink frogs
  19 dream sheep
  8 snapping turtles
  A shadow (D:15)
  6 water elementals
  5 wraiths
  3 wyverns
  3 redbacks (Lair:2)
  15 spriggans (Lair:6)
  Sigmund (D:2)
  A wyvern (shapeshifter) (D:15)
  A vampire (D:13)
  4 fire bats (Volcano)
  3 basilisks
  Eustachio (D:6)
  52 yaks
  Menkaure (D:5)
  2 wargs (Orc:2)
  A soldier ant (D:13)
  An acid dragon (D:14)
  18 water moccasins
  46 orc warriors
  5 sky beasts
  A hornet zombie (D:14)
  A necrophage (D:9)
  9 black bears
  7 ice beasts
  15 centaurs
  27 ogres
  2 phantoms
  35 wolves
  3 boggarts (Lair:6)
  3 lemures
  4 big kobolds
  Blork the orc (D:5)
  16 bullfrogs
  4 small abominations
  2 gnoll sergeants
  2 scorpions
  8 killer bees
  25 wights
  A howler monkey (D:9)
  2 electric eels
  A bullfrog zombie (D:7)
  6 lava snakes (Volcano)
  3 centaur zombies
  2 quasits (D:9)
  7 hounds
  4 jellies
  Crazy Yiuf (D:6)
  2 bullfrog skeletons
  30 orc priests
  7 iguanas
  21 orc wizards
  13 worker ants
  3 hound zombies (D:6)
  2 hound skeletons
  A howler monkey zombie (D:11)
  2 worker ant zombies
  10 adders
  13 gnolls
  A river rat (Sewer)
  2 shadow imps
  2 white imps
  4 ufetubi
  An ooze (D:2)
  An adder skeleton (D:4)
  6 worms
  4 leopard geckos
  110 orcs
  3 ball pythons
  4 bats
  3 giant cockroaches
  A goblin (D:3)
  3 hobgoblins
  5 jackals
  14 kobolds
  5 quokkas
  3 frilled lizards
  A giant cockroach zombie (D:6)
  A leopard gecko skeleton (D:4)
  3 leopard gecko zombies
  2 quokka skeletons
  7 rats
1020 creatures vanquished.

Vanquished Creatures (collateral kills)
  A bush (Lair:6)
1 creature vanquished.

Vanquished Creatures (others)
  An orc (Orc:2)
  49 fungi
  97 plants
  8 tentacles (Shoals:2)
  9 withered plants (D:6)
164 creatures vanquished.

Grand Total: 1185 creatures vanquished

Notes
Turn   | Place    | Note
-------+----------+-------------------------------------------
     0 | D:1      | Essalna the Gargoyle Earth Elementalist began the quest for
                  | the Orb.
     0 | D:1      | Reached XP level 1. HP: 10/10 MP: 3/3
   500 | D:1      | Reached skill level 4 in Earth Magic
   500 | D:1      | Reached XP level 2. HP: 10/15 MP: 3/5
  1062 | D:2      | Noticed Sigmund
  1067 | D:2      | Killed Sigmund
  1068 | D:2      | Reached skill level 5 in Earth Magic
  1068 | D:2      | Reached XP level 3. HP: 18/19 MP: 0/8
  1068 | D:2      | Reached XP level 4. HP: 23/24 MP: 0/9
  1068 | D:2      | Reached XP level 5. HP: 27/28 MP: 0/10
  1080 | D:2      | Learned a level 3 spell: Stone Arrow
  1733 | D:2      | Reached skill level 6 in Earth Magic
  1944 | D:3      | Found a glowing drain.
  1968 | Sewer    | Entered a sewer
  1997 | Sewer    | Reached XP level 6. HP: 32/32 MP: 9/12
  2666 | D:3      | Found a faded altar of an unknown god.
  2735 | D:3      | Found a blossoming altar of Fedhas.
  2735 | D:3      | Found a glowing silver altar of Zin.
  3097 | D:4      | Reached skill level 7 in Earth Magic
  3097 | D:4      | Reached XP level 7. HP: 15/36 MP: 9/14
  3103 | D:4      | Learned a level 5 spell: Lee's Rapid Deconstruction
  3432 | D:4      | Found a staircase to the Ecumenical Temple.
  3440 | Temple   | Entered the Ecumenical Temple
  3478 | Temple   | Became a worshipper of Vehumet
  3525 | D:4      | Reached skill level 5 in Spellcasting
  3682 | D:4      | Reached skill level 1 in Fighting
  3682 | D:4      | Reached skill level 1 in Armour
  3853 | D:4      | Found Kayd's Antique Armour Boutique.
  4074 | D:4      | Got a pitted chain mail
  4246 | D:5      | Entered Level 5 of the Dungeon
  4945 | D:5      | Noticed Menkaure
  4952 | D:5      | Killed Menkaure
  4953 | D:5      | Reached XP level 8. HP: 19/44 MP: 10/16
  5313 | D:5      | Found Fiakhor's Magic Scroll Shoppe.
  5386 | D:5      | Noticed Blork the orc
  5416 | D:5      | Noticed Pikel
  5417 | D:5      | Killed Blork the orc
  5422 | D:5      | Killed Pikel
  5423 | D:5      | Reached skill level 8 in Earth Magic
  5664 | D:5      | Found a basalt altar of Yredelemnul.
  5691 | D:5      | Reached XP level 9. HP: 52/52 MP: 8/18
  6034 | D:6      | HP: 2/52 [orc warrior/+3 trident of flaming (1)]
  6355 | D:6      | Noticed Eustachio
  6593 | D:6      | Reached * piety under Vehumet
  6593 | D:6      | Offered knowledge of Shock by Vehumet.
  6869 | D:6      | Killed Eustachio
  7379 | D:6      | Found Hieheynk's Antique Weapon Shop.
  7387 | D:6      | Bought an encrusted dagger for 182 gold pieces
  7387 | D:6      | Identified the +6 dagger "Buaminug" {drain, +Rage Int+2}
                  | (You bought it in a shop on level 6 of the Dungeon)
  7658 | D:6      | Found a burning altar of Makhleb.
  7706 | D:6      | Found a runed translucent door.
  7707 | D:6      | Noticed Crazy Yiuf
  7772 | D:6      | Reached skill level 9 in Earth Magic
  7945 | D:6      | Killed Crazy Yiuf
  7946 | D:6      | Reached skill level 5 in Armour
  8352 | D:7      | Reached skill level 5 in Fighting
  8552 | D:7      | Reached ** piety under Vehumet
  8552 | D:7      | Offered knowledge of Magic Dart by Vehumet.
  8966 | D:7      | Reached XP level 10. HP: 48/59 MP: 19/20
  9416 | D:8      | Noticed a two-headed ogre
  9419 | D:8      | Killed a two-headed ogre
  9425 | D:8      | Reached skill level 5 in Dodging
 10274 | D:9      | Reached skill level 10 in Earth Magic
 10393 | D:9      | Offered knowledge of Mephitic Cloud by Vehumet.
 10398 | D:9      | Noticed Maurice
 10420 | D:8      | Reached *** piety under Vehumet
 10659 | D:9      | Killed Maurice
 11045 | D:9      | Offered knowledge of Conjure Flame by Vehumet.
 11991 | D:10     | Entered Level 10 of the Dungeon
 12039 | D:10     | Reached XP level 11. HP: 50/67 MP: 22/22
 12130 | D:10     | Noticed Psyche
 12138 | D:10     | Killed Psyche
 12139 | D:10     | Noticed Nergalle
 12234 | D:10     | Killed Nergalle
 12497 | D:10     | Noticed Sonja
 12502 | D:10     | Killed Sonja
 12503 | D:10     | Reached skill level 11 in Earth Magic
 12653 | D:10     | Reached **** piety under Vehumet
 13025 | D:10     | Found a staircase to the Lair.
 13042 | Lair:1   | Entered Level 1 of the Lair of Beasts
 13107 | Lair:1   | Got a smoking leather armour
 13136 | Lair:1   | Found a dark tunnel.
 13146 | Volcano  | Entered a volcano
 13157 | Volcano  | Identified the cursed +0 leather armour "Miaraosez"
                  | {Regen+} (You found it on level 1 of the Lair of Beasts)
 13569 | Volcano  | Noticed a salamander
 13569 | Volcano  | Noticed a salamander
 13574 | Volcano  | Killed a salamander
 13582 | Volcano  | Killed a salamander
 13717 | Volcano  | Noticed a salamander
 13718 | Volcano  | Noticed a hell knight
 13728 | Volcano  | Killed a salamander
 13786 | Volcano  | Noticed a salamander
 13793 | Volcano  | Killed a salamander
 13850 | Volcano  | Noticed a salamander mystic
 13855 | Volcano  | Killed a salamander mystic
 13855 | Volcano  | Offered knowledge of Inner Flame by Vehumet.
 13919 | Volcano  | Found a radiant altar of Vehumet.
 13920 | Volcano  | Noticed a salamander
 13938 | Volcano  | Killed a salamander
 13939 | Volcano  | Reached XP level 12. HP: 58/76 MP: 21/25
 14001 | Volcano  | Killed a hell knight
 14002 | Volcano  | Reached skill level 12 in Earth Magic
 14090 | Volcano  | Found a radiant altar of Vehumet.
 14133 | Lair:1   | Noticed a six-headed hydra
 14136 | Lair:1   | Killed a six-headed hydra
 14268 | Lair:1   | Noticed a six-headed hydra
 14274 | Lair:1   | Killed a six-headed hydra
 14736 | Lair:1   | Noticed a seven-headed hydra
 14739 | Lair:1   | Killed a seven-headed hydra
 15238 | Lair:2   | Reached skill level 10 in Fighting
 15357 | Lair:2   | Reached skill level 10 in Spellcasting
 15697 | Lair:2   | Reached skill level 13 in Earth Magic
 16014 | Lair:2   | Reached XP level 13. HP: 83/83 MP: 27/27
 16302 | Lair:2   | Found a hole to the Spider Nest.
 17235 | Lair:3   | Found a gate leading to a gauntlet.
 17240 | Gauntlet | Entered a Gauntlet
 17240 | Gauntlet | Found a transporter.
 17242 | Gauntlet | Noticed a reaper
 17244 | Gauntlet | Found a transporter.
 17246 | Gauntlet | Found a transporter.
 17247 | Gauntlet | Found a transporter.
 17250 | Gauntlet | Found a transporter.
 17251 | Gauntlet | Found a transporter.
 17265 | Gauntlet | Found a transporter.
 17267 | Gauntlet | Found a transporter.
 17329 | Gauntlet | Killed a reaper
 17337 | Gauntlet | Got a wavering silver ring
 17351 | Gauntlet | Identified the ring "Jizxiut" {AC+4 Str+6} (You found it in
                  | a Gauntlet)
 17408 | Gauntlet | Got a pair of scorched gloves
 17414 | Gauntlet | Identified the +2 pair of gloves of the Mackerel {rElec
                  | rPois Slay+2} (You found it in a Gauntlet)
 17449 | Gauntlet | Identified the +4 longbow of Bloody Death {flame, rC+
                  | Int+3}
 17449 | Gauntlet | Noticed a minotaur
 17463 | Gauntlet | Killed a minotaur
 17465 | Gauntlet | Found the brooch of Shielding {Spirit SH+8}
 17465 | Gauntlet | Found the +8 frozen axe "Frostbite" {freezing cloud, *Noise
                  | +Fly rC+}
 18158 | Lair:3   | Found a staircase to the Shoals.
 18400 | Lair:3   | Found a transporter.
 18451 | Lair:3   | Noticed Zufakin's ghost (journeyman DDFi)
 18460 | Lair:3   | Found a transporter.
 18743 | Lair:3   | Killed Zufakin's ghost
 18987 | Lair:4   | Reached ***** piety under Vehumet
 18988 | Lair:4   | Reached skill level 14 in Earth Magic
 19151 | Lair:4   | Offered knowledge of Lightning Bolt by Vehumet.
 19271 | Lair:4   | You fall into a shaft and drop 2 floors!
 19271 | Lair:6   | Entered Level 6 of the Lair of Beasts
 19329 | Lair:6   | Gained mutation: Your large and strong wings let you fly
                  | indefinitely. [Gargoyle growth]
 19329 | Lair:6   | Reached XP level 14. HP: 91/91 MP: 7/29
 19714 | Lair:5   | Found a staircase to the Slime Pits.
 22687 | Lair:6   | Offered knowledge of Freezing Cloud by Vehumet.
 22690 | Lair:6   | Reached skill level 10 in Dodging
 23300 | Lair:6   | Reached skill level 1 in Shields
 23308 | Lair:6   | Reached skill level 15 in Earth Magic
 23680 | Lair:6   | Offered knowledge of Iron Shot by Vehumet.
 23885 | Lair:6   | Reached XP level 15. HP: 91/97 MP: 9/30
 24344 | Lair:6   | Identified a scroll of acquirement
 24346 | Lair:6   | Acquired the +0 cloak of the Gloaming {Int+3 Slay+2}
 25221 | D:11     | Found Ilarph's Assorted Antiques.
 25377 | D:11     | Found a staircase to the Orcish Mines.
 25405 | D:11     | Got a distressingly furry chain mail
 25411 | Orc:1    | Entered Level 1 of the Orcish Mines
 25664 | D:11     | Noticed Snorg
 25671 | D:11     | Killed Snorg
 25772 | D:12     | Noticed Josephine
 25777 | D:12     | Killed Josephine
 26222 | D:12     | Noticed Dytud's ghost (journeyman DrIE)
 26226 | D:12     | Found a transporter.
 26227 | D:12     | Identified the +5 great mace "Dragonslayer" {flame, SInv}
 26227 | D:12     | Noticed a fire giant
 26458 | D:12     | Offered knowledge of Conjure Ball Lightning by Vehumet.
 26682 | D:12     | Found a transporter.
 26691 | D:12     | Reached skill level 1 in Conjurations
 26692 | D:12     | Killed a fire giant
 26694 | D:12     | Killed Dytud's ghost
 27597 | D:14     | Reached skill level 16 in Earth Magic
 28231 | D:14     | Reached XP level 16. HP: 105/105 MP: 32/32
 28435 | D:14     | Reached skill level 5 in Conjurations
 28442 | D:14     | Learned a level 6 spell: Iron Shot
 28578 | D:14     | Found a gate to the Vaults.
 28731 | D:14     | Found a blossoming altar of Fedhas.
 28797 | D:15     | Entered Level 15 of the Dungeon
 28972 | D:15     | Got a crude quarterstaff
 29305 | D:15     | Offered knowledge of Iskenderun's Battlesphere by Vehumet.
 29522 | D:15     | Found a staircase to the Depths.
 30241 | Orc:2    | Entered Level 2 of the Orcish Mines
 30673 | Orc:2    | Cast into level 1 of the Abyss (orc warrior)
 30678 | Abyss:1  | Found a corrupted altar of Lugonu.
 30691 | Abyss:1  | Found a corrupted altar of Lugonu.
 30755 | Abyss:1  | Paralysed by accursed screaming for 1 turns
 30788 | Abyss:1  | Noticed a bone dragon
 30848 | Abyss:1  | Reached ****** piety under Vehumet
 30909 | Abyss:1  | Reached skill level 17 in Earth Magic
 30922 | Orc:2    | Escaped the Abyss
 31120 | Orc:2    | Offered knowledge of Orb of Destruction by Vehumet.
 31129 | Orc:2    | Learned a level 7 spell: Orb of Destruction
 31484 | Orc:2    | Found a staircase to the Elven Halls.
 32034 | Orc:2    | Reached skill level 15 in Fighting
 32119 | Orc:2    | Found a roughly hewn altar of Beogh.
 32129 | Orc:2    | Found Polosax's Magic Scroll Shop.
 32251 | Orc:2    | Found Gokys's Magic Scroll Boutique.
 32461 | Orc:2    | Offered knowledge of Ozocubu's Refrigeration by Vehumet.
 32469 | Orc:2    | Learned a level 6 spell: Ozocubu's Refrigeration
 32489 | Orc:2    | Found a roughly hewn altar of Beogh.
 32525 | Orc:2    | Reached skill level 1 in Ice Magic
 32698 | Orc:2    | Found Yrghyvy's Magic Scroll Boutique.
 32702 | Orc:2    | Bought a scroll of acquirement for 572 gold pieces
 32705 | Orc:2    | Acquired 1049 gold pieces
 32715 | Orc:2    | Found Ufepytzaich's Antique Armour Shop.
 32770 | Orc:2    | Bought a pair of glowing boots for 277 gold pieces
 32770 | Orc:2    | Bought a jet-encrusted leather armour for 259 gold pieces
 32794 | Orc:2    | Identified the cursed +1 leather armour "Apnuytul" {Int+3}
                  | (You bought it in a shop on level 2 of the Orcish Mines)
 33538 | Shoals:1 | Entered Level 1 of the Shoals
 33564 | Lair:3   | Reached XP level 17. HP: 86/113 MP: 11/34
 35500 | Shoals:2 | Found Migiy's Jewellery Shoppe.
 35746 | Shoals:2 | Found Emiat's General Store.
 35960 | Shoals:2 | Reached skill level 18 in Earth Magic
 36022 | Shoals:2 | Noticed a kraken
 36087 | Shoals:2 | Found Semaxu's Book Shop.
 36483 | Shoals:2 | Offered knowledge of Lehudib's Crystal Spear by Vehumet.
 36483 | Shoals:2 | Offered knowledge of Ignition by Vehumet.
 36483 | Shoals:2 | Offered knowledge of Absolute Zero by Vehumet.
 36507 | Shoals:2 | Learned a level 8 spell: Ignition
 36552 | Shoals:2 | Reached skill level 5 in Ice Magic
 36738 | Shoals:2 | Killed a kraken
 36739 | Shoals:2 | Reached skill level 1 in Fire Magic
 38156 | Shoals:3 | Found Capsobav's Weapon Shoppe.
 38522 | Shoals:4 | Entered Level 4 of the Shoals
 38522 | Shoals:4 | Found a runed translucent gate.
 38522 | Shoals:4 | Found a runed translucent gate.
 38522 | Shoals:4 | Found a runed translucent gate.
 38718 | Shoals:4 | Reached XP level 18. HP: 107/120 MP: 8/36
 39098 | Shoals:4 | Killed from afar by a merfolk aquamancer

Illustrated notes

Levels and vault maps discovered:
D:1:      sevenhm_arrival_forest_fort_small_6, layout_loops_ring
D:2:      layout_loops_cross, uniq_sigmund
D:3:      layout_basic, gammafunk_temple_overflow_wave, portal_sewer_entry_a,
          chequers_ecumenical_altar_lobes
D:4:      layout_basic, minmay_temple_entry_gardened_gates, serial_shops,
          kennysheep_little_box
D:5:      layout_basic, yredelemnul_altar_generic, serial_shops,
          nicolae_shop_competitors_out_of_business, uniq_blork_the_orc,
          uniq_pikel, uniq_menkaure
D:6:      layout_gridville, marbit_many_paths, serial_undead, serial_undead_c,
          serial_undead_e, serial_undead_c, serial_undead_b, serial_undead_c,
          serial_undead_d, serial_undead_c, serial_undead_f, serial_shops, shop,
          uniq_eustachio, uniq_crazy_yiuf_cottage
D:7:      layout_cave_pods
D:8:      layout_rooms, minivault_24, kennysheep_generic_room_15
D:9:      layout_cave_pods, uniq_maurice
D:10:     layout_basic, grunt_lair_entry_orc_guard_hut, uniq_nergalle,
          uniq_psyche, uniq_sonja
D:11:     layout_cross, david_orc_4, serial_shops, kennysheep_mini_moat,
          uniq_snorg
D:12:     layout_basic, gammafunk_ghost_smash, uniq_josephine
D:13:     layout_basic
D:14:     layout_loops_cross, hangedman_vaults_entry_quadrant_bands,
          lemuel_coloured_pillars_altar
D:15:     grunt_enter_depths_hoard, layout_basic, chequers_serial_rivers_micro_e
Temple:   dpeg_five_rooms_temple
Lair:1:   beast_lair_carwin_large_2, layout_loops_ring,
          nicolae_volcano_entry_hallway, st_stairs_9
Lair:2:   layout_chaotic_city, nicolae_spider_entry_tight_spaces,
          serial_bayou_crossing
Lair:3:   layout_cave_shapes, minmay_shoals_entry_centaurs,
          gammafunk_ghost_berserking_beasts, gauntlet_entry_generic,
          lemuel_fruit_tree
Lair:4:   layout_long_grid, minivault_24, grunt_megastairs_3,
          infiniplex_staircase_pool_2
Lair:5:   layout_roguey, minmay_slime_entry_oklob_enclosed, grunt_megastairs_4
Lair:6:   minmay_lair_end_enchanted_forest, layout_cave_shapes,
          serial_bayou_pond_b
Shoals:1: layout_shoals
Shoals:2: layout_shoals, serial_shops, shop_fountains, shop, shop
Shoals:3: layout_shoals, serial_shops, shop
Shoals:4: shoals_end_simple, layout_shoals, gammafunk_ghost_cemetery
Orc:1:    layout_caves
Orc:2:    pubby_orc_utopia

Skill      XL: |  1  2  3  4  5  6  7  8  9 10 11 12 13 14 15 16 17 18 |
---------------+-------------------------------------------------------+-----
Earth Magic    | 4 5 6 7 8 9 10 11 13 14 15 16 17 18 | 18.4
Spellcasting   | 3 4 5 6 7 9 10 11 12 13 14 | 14.6
Fighting       | 2 3 5 7 9 10 11 12 13 15 16 | 16.1
Armour         | 2 4 5 7 8 9 |  9.5
Dodging        | 2 3 4 5 7 8 9 10 | 10.1
Shields        | 2 4 |  4.0
Conjurations   | 4 5 |  5.0
Ice Magic      | 1 5 6 |  6.1
Fire Magic     | 3 |  3.4
Stealth        | |  2.1
Transmutations | |  0.7

Action                   |  1- 3 |  4- 6 |  7- 9 | 10-12 | 13-15 | 16-18 || total
-------------------------+-------+-------+-------+-------+-------+-------++-------
Melee: Dagger            |    39 |   164 |   174 |    36 |       |       ||   413
       Unarmed           |    10 |       |       |       |       |       ||    10
       Mace              |       |       |    13 |       |       |       ||    13
       Trident           |       |       |    25 |       |       |       ||    25
       Staff             |       |       |       |    26 |    94 |   140 ||   260
 Cast: Sandblast         |     9 |    33 |    82 |    15 |    67 |    48 ||   254
       Stone Arrow       |       |       |    89 |   237 |   579 |   504 ||  1409
       Lee's Rapid Decon |       |       |     9 |    57 |   162 |   129 ||   357
       Iron Shot         |       |       |       |       |       |   120 ||   120
 Abil: Fly               |       |       |       |       |       |     1 ||     1
Evoke: Wand              |       |       |       |       |     2 |       ||     2
  Use: Scroll            |       |    10 |     3 |    10 |    11 |     5 ||    39
       Potion            |       |       |       |       |     1 |     2 ||     3
 Stab: Sleeping          |     2 |     3 |     1 |       |       |       ||     6
Armor: Robe              |    21 |    70 |   205 |    90 |       |       ||   386
       Leather armour    |       |       |       |    26 |   324 |   191 ||   541
       Troll leather arm |       |       |       |       |     1 |    98 ||    99
Dodge: Dodged            |    45 |   105 |   175 |   180 |   482 |   401 ||  1388
Block: Buckler           |       |       |       |       |    48 |   106 ||   154

Table legend: (Time is in decaauts)
 A = Elapsed time spent in this place.
 B = Non-inter-level travel time spent in this place.
 C = Inter-level travel time spent in this place.
 D = Time resting spent in this place.
 E = Time spent auto-exploring this place.
 F = Levels seen in this place.
 G = Mean time per level.
                   A        B        C        D        E       F      G
               +--------+--------+--------+--------+--------+-----+--------+
         Total |  39388 |  37519 |   1869 |   1953 |  28805 |  32 | 1230.9 |
       Dungeon |  18164 |  17152 |   1012 |   1151 |  13211 |  15 | 1210.9 |
        Temple |     71 |     33 |     38 |      0 |     31 |   1 |   71.0 |
          Lair |  10202 |   9744 |    458 |    279 |   8023 |   6 | 1700.3 |
        Shoals |   5589 |   5435 |    154 |    523 |   3992 |   4 | 1397.2 |
  Orcish Mines |   3209 |   3003 |    206 |      0 |   2251 |   2 | 1604.5 |
         Abyss |    236 |    236 |      0 |      0 |      0 |   1 |  236.0 |
         Sewer |    525 |    525 |      0 |      0 |    313 |   1 |  525.0 |
       Volcano |    983 |    983 |      0 |      0 |    813 |   1 |  983.0 |
      Gauntlet |    406 |    406 |      0 |      0 |    171 |   1 |  406.0 |
               +--------+--------+--------+--------+--------+-----+--------+

Top non-repeatable levels by time:
  Lair:6: 2700 daAuts
   Orc:2: 2676 daAuts
     D:5: 2296 daAuts
  Lair:2: 2179 daAuts
Shoals:1: 2002 daAuts
Shoals:2: 1762 daAuts
  Lair:5: 1700 daAuts
Shoals:3: 1626 daAuts
    D:10: 1522 daAuts
  Lair:3: 1398 daAuts
     D:7: 1389 daAuts
     D:6: 1332 daAuts
     D:9: 1317 daAuts
     D:4: 1290 daAuts
    D:14: 1268 daAuts
